Map: Frozen Temple

Players

Miszu - Winner!

  • Race: Zerg Zerg
  • League: Master

Superficial

  • Race: Protoss Protoss
  • League: Master

VOD

Have the link to the VOD?

Description

Time

  • Played on: July 2, 2016, 5:02 p.m.
  • Length: 13:59
Show
View Real Time Build Order
Export as new Build Order

Miszu Zerg - Winner!

Build Orders: Hatch First 

Get SALT Encoding   

  12  0:01  Drone  
  13  0:13  Overlord  
  13  0:20  Drone  
  14  0:32  Drone x2  
  17  0:35  Drone  
  17  0:54  Hatchery  
  17  0:56  Drone  
  17  0:59  Drone  
  18  1:10  Extractor  
  18  1:11  Drone  
  18  1:18  Spawning Pool  
  18  1:21  Drone  
  18  1:28  Drone  
  19  1:39  Drone  
  20  1:51  Overlord  
  20  2:06  Queen x2  
  20  2:08  Zergling x4  
  26  2:11  Zergling x2  
  27  2:22  Metabolic Boost  
  27  2:24  Drone x2  
  27  2:27  Drone  
  30  2:34  Drone  
  31  2:38  Drone  
  32  2:47  Drone  
  32  2:49  Drone  
  33  2:53  Hatchery  
  33  2:58  Zergling x2  
  32  3:01  Queen  
  34  3:07  Zergling x2  
  35  3:18  Drone x3  
  34  3:21  Drone  
  34  3:26  Drone  
  35  3:29  Overlord  
  35  3:34  Pneumatized Carapace  
  35  3:48  Drone x5  
  40  3:52  Overlord  
  40  3:55  Drone  
  41  3:58  Drone x2  
  43  4:03  Overlord  
  43  4:08  Evolution Chamber  
  43  4:09  Baneling Nest, Evolution Chamber  
  40  4:10  Extractor  
  40  4:12  Extractor  
  38  4:19  Drone x4  
  38  4:22  Drone x2  
  44  4:25  Drone  
  44  4:29  Drone x2  
  47  4:31  Drone  
  47  4:37  Zergling x6  
  51  4:49  Zerg Melee Weapons Level 1  
  51  4:50  Zerg Ground Armor Level 1  
  51  4:52  Zergling x4  
  53  4:53  Zergling x2  
  54  5:01  Zergling x8  
  58  5:07  Zergling x8  
  58  5:09  Baneling  
  58  5:10  Baneling x2  
  58  5:14  Zergling x4  
  64  5:20  Zergling x2  
  65  5:21  Baneling  
  65  5:22  Baneling x6  
  65  5:27  Zergling x2  
  66  5:29  Overlord  
  66  5:47  Zergling x16  
  66  5:49  Baneling  
  73  5:52  Lair  
  73  5:57  Overlord  
  73  5:58  Overlord  
  73  6:15  Spore Crawler  
  73  6:17  Spore Crawler  
  56  6:51  Zerg Ground Armor Level 2, Zerg Melee Weapons Level 2  
  56  6:53  Zergling x6  
  56  6:54  Zergling x38  
  71  6:57  Overseer  
  76  7:02  Zergling x6  
  76  7:03  Zergling x2  
  80  7:08  Overseer  
  80  7:13  Spine Crawler  
  79  7:22  Hatchery  
  78  7:24  Drone  
  78  7:25  Drone  
  78  7:27  Drone  
  81  7:31  Zergling x4  
  67  7:55  Zergling x18  
  72  8:04  Drone x5  
  73  8:16  Baneling x4  
  73  8:17  Baneling x2  
  73  8:25  Drone x5  
  77  8:35  Baneling x2  
  77  8:39  Zergling x6  
  75  8:47  Zergling x6  
  78  8:49  Queen  
  78  8:54  Zergling x2  
  76  9:06  Zergling x2  
  76  9:07  Zergling x16  
  77  9:22  Zergling x6  
  79  9:27  Hatchery  
  79  9:28  Zergling x6  
  78  9:38  Zergling x8  
  79  9:40  Infestation Pit  
  79  9:41  Zergling x2  
  79  9:46  Baneling x2  
  79  9:50  Baneling x3, Hatchery  
  79  9:51  Baneling  
  77  9:53  Zergling x6  
  79  10:05  Zergling x2  
  79  10:06  Zergling x14  
  85  10:08  Zergling x2  
  85  10:10  Zergling x6  
  89  10:17  Baneling x4  
  89  10:18  Baneling x12  
  89  10:30  Overlord  
  89  10:31  Overlord x4  
  89  10:36  Hive, Centrifical Hooks  
  87  10:50  Zergling x14  
  87  10:51  Zergling x6  
  87  10:52  Baneling x2  
  95  10:59  Zergling x14  
  95  11:02  Baneling x8  
  95  11:03  Zergling x2  
  103  11:08  Zergling x6  
  72  11:20  Zergling x14  
  72  11:24  Zergling x8  
  80  11:32  Zergling x6  
  68  11:35  Zergling x4  
  67  11:43  Zergling x2  
  67  11:45  Zergling x4  
  70  11:50  Adrenal Glands  
  70  11:53  Zergling x8  
  74  11:56  Zergling x2  
  74  12:00  Zergling x2  
  76  12:15  Zergling x10  
  78  12:19  Zergling x8  
  78  12:22  Zergling x2  
  78  12:28  Zergling x4  
  76  12:38  Zergling x6  
  76  12:42  Zergling x2  
  80  12:51  Overseer  
  78  13:10  Zergling x4  
  78  13:11  Zergling x10  
  84  13:22  Zergling x6  
Show
View Real Time Build Order
Export as new Build Order

Superficial Protoss 

Build Orders: 1 Gate Expand, Zealot Archon 

Get SALT Encoding   

  12  0:01  Probe (Chrono Boost)  
  13  0:11  Probe (Chrono Boost)  
  14  0:17  Pylon  
  14  0:22  Probe (Chrono Boost)  
  16  0:35  Probe (Chrono Boost)  
  16  0:37  Gateway  
  16  0:46  Probe (Chrono Boost)  
  16  0:47  Assimilator  
  17  0:57  Probe (Chrono Boost)  
  18  1:05  Gateway  
  18  1:07  Probe (Chrono Boost)  
  19  1:25  Cybernetics Core  
  19  1:44  Nexus  
  19  1:52  Pylon  
  19  1:55  Probe (Chrono Boost)  
  20  2:05  Adept (Chrono Boost)  
  22  2:10  Adept (Chrono Boost)  
  24  2:16  Mothership Core (Chrono Boost)  
  24  2:21  Assimilator  
  26  2:26  Warp Gate  
  27  2:37  Probe (Chrono Boost)  
  27  2:46  Adept x2  
  31  2:56  Probe (Chrono Boost)  
  32  3:00  Probe (Chrono Boost)  
  33  3:07  Probe (Chrono Boost)  
  33  3:11  Probe (Chrono Boost)  
  35  3:17  Probe (Chrono Boost)  
  34  3:21  Probe (Chrono Boost)  
  34  3:27  Adept, Stalker  
  39  3:32  Probe x2 (Chrono Boost)  
  39  3:41  Gateway  
  39  3:43  Gateway  
  39  3:49  Twilight Council  
  39  3:54  Zealot  
  41  3:58  Probe x2 (Chrono Boost)  
  43  4:06  Pylon  
  43  4:09  Probe x2 (Chrono Boost)  
  45  4:15  Assimilator x2  
  45  4:19  Probe (Chrono Boost)  
  45  4:20  Pylon  
  46  4:25  Probe (Chrono Boost)  
  46  4:28  Dark Shrine  
  47  4:34  Probe (Chrono Boost)  
  47  4:35  Probe (Chrono Boost)  
  47  4:38  Adept  
  51  4:43  Pylon  
  51  4:45  Adept  
  53  4:50  Adept  
  53  4:52  Adept  
  57  4:55  Probe (Chrono Boost)  
  57  4:56  Probe (Chrono Boost)  
  59  5:00  Resonating Glaives (Chrono Boost)  
  59  5:05  Probe  
  60  5:12  Pylon  
  60  5:13  Probe  
  61  5:15  Probe  
  62  5:23  Adept x3  
  62  5:27  Adept  
  70  5:33  Pylon, Probe x2  
  72  5:44  Dark Templar  
  72  5:45  Dark Templar  
  72  5:48  Probe  
  72  5:49  Probe  
  78  6:00  Dark Templar  
  78  6:01  Dark Templar  
  82  6:15  Nexus  
  82  6:17  Pylon, Probe  
  77  6:27  Probe  
  77  6:29  Probe  
  77  6:30  Pylon  
  59  6:38  Dark Templar x3  
  59  6:39  Dark Templar, Probe  
  68  6:49  Probe  
  68  6:50  Probe  
  68  6:52  Archon  
  68  6:53  Archon  
  68  6:57  Gateway  
  68  6:58  Gateway  
  68  7:03  Forge  
  68  7:04  Blink (Chrono Boost)  
  68  7:08  Probe  
  68  7:10  Probe  
  68  7:15  Dark Templar x2  
  72  7:20  Dark Templar  
  72  7:22  Probe  
  76  7:23  Probe  
  76  7:26  Dark Templar  
  76  7:27  Archon  
  80  7:31  Archon, Pylon  
  80  7:51  Nexus  
  80  7:59  Stalker x5  
  90  8:11  Probe  
  90  8:12  Probe  
  90  8:18  Stalker  
  92  8:20  Protoss Ground Weapons Level 1 (Chrono Boost)  
  92  8:22  Pylon  
  92  8:24  Probe  
  93  8:31  Robotics Facility  
  93  8:38  Probe x2  
  95  8:46  Pylon  
  95  8:48  Dark Templar x2  
  99  8:50  Pylon, Stalker x2  
  99  8:53  Stalker  
  105  8:57  Probe  
  106  9:13  Pylon  
  106  9:15  Assimilator  
  93  9:18  Assimilator  
  93  9:19  Probe x2  
  93  9:28  Pylon  
  93  9:31  Probe  
  93  9:37  Nexus  
  83  9:49  Probe x2  
  83  10:05  Probe x2  
  85  10:10  Archon  
  85  10:11  Dark Templar x2  
  85  10:12  Dark Templar x2  
  93  10:20  Warp Prism (Chrono Boost)  
  95  10:23  Archon  
  95  10:24  Archon  
  95  10:31  Probe  
  95  10:32  Probe  
  97  10:47  Probe  
  95  10:51  Stalker  
  95  10:52  Stalker x2  
  84  11:15  Probe  
  84  11:16  Zealot  
  84  11:17  Zealot  
  62  11:23  Probe x2  
  58  11:35  Zealot  
  52  11:48  Probe x2  
  52  11:52  Observer (Chrono Boost)  
  52  11:53  Probe  
  55  12:00  Probe  
  57  12:03  Dark Templar  
  59  12:09  Probe  
  56  12:26  Probe x2  
  58  12:42  Probe x2  
  60  12:51  Nexus  
  60  12:54  Dark Templar  
  62  13:01  Probe  
  63  13:10  Probe  
  64  13:13  Probe  
  64  13:14  Pylon  
  65  13:22  Probe  
  65  13:23  Templar Archives  
  66  13:29  Probe  
  66  13:34  Probe  
  68  13:37  Zealot x2  
  65  13:41  Zealot  
  47  13:48  Zealot  
Tags
 
Add a new tag
Caveats
  • Supply blocks, unpowered buildings, or Contaminate may cause inaccurate times.
  • Supply counts are checked every 10 seconds.